AoeStats
← MatzeAoE

Arabia

505046028Analyzed
1v1 RM · 25d ago on Sep 7, 2026· 21m 53s· 2 players
Game mode
Random Map
Map size
Tiny (2 player)
Population
200
Speed
Normal
Resources
Standard
Victory
Conquest
Starting age
Dark Age
Ending age
Imperial Age
RankedLock teamsTeams togetherTeam positionsShared explorationLock speedFull tech treeHidden civsTurbo modeCheats
Victory
Defeat
🇩🇪 Japanese · Germany
2168
+10
🇩🇪 Magyars · Germany
2019
-10
MatzeAoE
5:58 Loom
8:52 Feudal Age
9:04 Man-at-Arms
11:12 Double-Bit Axe
13:23 Horse Collar
20:55 Castle Age
19:30 Fletching
19:40 Padded Archer Armor
20:59 Elite Skirmisher
wisenatic
8:28 Feudal Age
8:39 Man-at-Arms
9:05 Loom
18:48 Castle Age
16:32 Horse Collar
16:49 Double-Bit Axe
17:15 Fletching
17:35 Gold Mining
19:07 Padded Archer Armor
19:26 Bodkin Arrow
19:11 Crossbowman
Connection lost

Rejoining the realm…

Still unreachable

The connection could not be restored.

Session expired

The server has moved on; the page needs a fresh start.